 Dungeon Crawl Stone Soup version 0.22-a0 (webtiles) character file.

264 Brandom the Cudgeler (level 5, -1/41 HPs)
             Began as a Demonspawn Gladiator on Dec 31, 2017.
             Was an Initiate of Wu Jian.
             Killed from afar by teton's ghost (8 damage)
             ... with a flame tongue
             ... on level 4 of the Dungeon.
             The game lasted 00:11:50 (4107 turns).

Brandom the Cudgeler (Demonspawn Gladiator)         Turns: 4107, Time: 00:11:56

Health: -1/41      AC:  9    Str: 15    XL:     5   Next: 98%
Magic:  5/5        EV: 12    Int: 10    God:    Wu Jian [......]
Gold:   106        SH:  4    Dex: 14    Spells: 4/4 levels left

rFire    . . .     SeeInvis .   u - +0 whip (curse)
rCold    . . .     Gourm    .   j - +0 buckler
rNeg     . . .     Faith    .   g - +0 leather armour
rPois    .         Spirit   .   c - +0 helmet
rElec    .         Reflect  .   (no cloak)
rCorr    +         Harm     .   q - +1 pair of gloves
MR       +....                  h - +0 pair of boots
Stlth    +.........             (no amulet)
HPRegen  0.13/turn              k - ring of protection from magic
MPRegen  0.09/turn              s - ring of resist corrosion

@: no status effects
A: iridescent scales 1, demonic guardian 1
a: Renounce Religion


You were on level 4 of the Dungeon.
You worshipped Wu Jian.
Wu Jian was noncommittal.
You were not hungry.

You visited 1 branch of the dungeon, and saw 4 of its levels.

You collected 106 gold pieces.

Inventory:

Hand Weapons
 a - a +0 flail
 u - a cursed +0 whip (weapon)
Missiles
 d - 4 throwing nets (quivered)
Armour
 b - a +0 leather armour
 c - a +0 helmet (worn)
 g - a +0 leather armour (worn)
 h - a +0 pair of boots (worn)
 j - a +0 buckler (worn)
 q - a +1 pair of gloves (worn)
Jewellery
 k - a ring of protection from magic (left hand)
 n - an uncursed ring of stealth
 s - a ring of resist corrosion (right hand)
Scrolls
 e - a scroll of blinking
 i - a scroll of immolation
 l - 2 scrolls of amnesia
 m - 2 scrolls of magic mapping
 r - a scroll of teleportation
Potions
 t - a potion of magic
Books
 p - a book of Changes

   Spells                             Type                      Level
   a - Beastly Appendage              Transmutation                1
   b - Sticks to Snakes               Transmutation                2
   c - Spider Form                    Transmutation/Poison         3
   d - Ice Form                       Ice/Transmutation            4
   e - Blade Hands                    Transmutation                5
Comestibles
 f - 7 rations
 o - 2 chunks of flesh


   Skills:
 + Level 3.6 Fighting
 * Level 4.8 Maces & Flails
 - Level 1.7 Throwing
 - Level 2.6 Dodging
 + Level 2.0 Shields


You had 4 spell levels left.
You didn't know any spells.

Dungeon Overview and Level Annotations

Branches:
Dungeon (4/15)
 Temple: D:4-7

Altars:
Dithmenos
Gozag
Wu Jian

Annotations:
D:4 teton's ghost, amateur DrFE


Innate Abilities, Weirdness & Mutations

You are partially covered in iridescent scales. (AC +2)
A weak demonic guardian rushes to your aid.


Message History

Your quasit bites teton's ghost but does no damage.
Your quasit claws teton's ghost but does no damage. x2
Teton's ghost closely misses your quasit.
Your quasit bites teton's ghost but does no damage.
Your quasit closely misses teton's ghost.
Your quasit barely misses teton's ghost.
Teton's ghost misses your quasit.
Your quasit bites teton's ghost but does no damage.
Your quasit closely misses teton's ghost. x2
Teton's ghost points at you and mumbles some strange words.
The flame tongue hits your quasit.
Your quasit resists.
Your quasit bites teton's ghost but does no damage.
Your quasit barely misses teton's ghost.
Your quasit misses teton's ghost.
Your quasit bites teton's ghost but does no damage.
Your quasit misses teton's ghost.
Your quasit claws teton's ghost.
Teton's ghost gestures at you while chanting.
The flame tongue misses your quasit. The flame tongue hits you!
You die...

........####.#.#####.#####.#
...###.<##.....<............
#.## #..........<....#### #
#.# ##.##.#.#.##.......##.#
#.#####.##.#.#....#####....#
#>...........####.# #.####
#######.<....####W# #..
####...>.##5# #...
#...#..@.#####.###
#......#..†....#
##..##.####.....!
#########..##.# .####
#..........##.# #
#.########.##.#
###.########.##.#
.............##..
#.#.#############


You could see teton's ghost and a friendly quasit.

Vanquished Creatures
  A hound (D:4)
  An orc wizard (D:3)
  A worker ant (D:4)
  5 gnolls
  3 adders (D:2)
  2 worms
  2 dart slugs (D:1)
  3 leopard geckos
  4 orcs (D:3)
  A ball python (D:4)
  5 bats
  2 giant cockroaches (D:3)
  6 goblins
  7 hobgoblins
  A quokka (D:2)
  2 frilled lizards (D:2)
  10 kobolds
  6 rats
62 creatures vanquished.

Vanquished Creatures (collateral kills)
  A gnoll shaman (D:3)
  2 gnolls
  An adder (D:3)
  2 frilled lizards (D:3)
6 creatures vanquished.

Grand Total: 68 creatures vanquished

Notes
Turn   | Place    | Note
-------+----------+-------------------------------------------
     0 | D:1      | Brandom the Demonspawn Gladiator began the quest for the Orb.
     0 | D:1      | Reached XP level 1. HP: 16/16 MP: 1/1
    93 | D:1      | Reached skill level 3 in Maces & Flails
    93 | D:1      | Gained mutation: You are partially covered in iridescent scales. (AC +2) [demonic ancestry]
    93 | D:1      | Reached XP level 2. HP: 22/22 MP: 2/2
   670 | D:1      | Gained mutation: A weak demonic guardian rushes to your aid. [demonic ancestry]
   670 | D:1      | Reached XP level 3. HP: 28/28 MP: 3/3
  1109 | D:2      | Reached skill level 1 in Shields
  1109 | D:2      | Reached XP level 4. HP: 15/34 MP: 4/4
  1423 | D:2      | Found a shadowy altar of Dithmenos.
  1447 | D:2      | Reached skill level 4 in Maces & Flails
  1975 | D:3      | Reached XP level 5. HP: 36/41 MP: 5/5
  2889 | D:3      | Found an ornate altar of the Wu Jian Council.
  2896 | D:3      | Became a worshipper of the Wu Jian Council
  2927 | D:3      | Found an opulent altar of Gozag.
  3475 | D:3      | Found an ornate altar of the Wu Jian Council.
  3720 | D:3      | Found an opulent altar of Gozag.
  4085 | D:4      | Noticed teton's ghost (amateur DrFE)
  4107 | D:4      | Killed from afar by teton's ghost

Vault maps used:
D:1:      matt_arrival_refuge
D:2:      lemuel_crystal_altar
D:3:      lemuel_doored_altar, grunt_gozag_breadcrumbs
D:4:      minmay_guarded_unrand_vampires_tooth

Skill      XL: |  1  2  3  4  5 |
---------------+----------------+-----
Maces & Flails | 3 4 |  4.8
Shields        | 1 2 |  2.0
Fighting       | 3 |  3.6
Throwing       | |  1.7
Dodging        | |  2.6

Action                   |  1- 3 |  4- 6 || total
-------------------------+-------+-------++-------
Melee: Flail             |    93 |   163 ||   256
       Whip              |       |    13 ||    13
Invok: Lunge             |       |     5 ||     5
  Use: Scroll            |       |    10 ||    10
 Stab: Sleeping          |     4 |     4 ||     8
       Distracted        |       |     1 ||     1
  Eat: Chunk             |     1 |     9 ||    10
Armor: Leather armour    |    28 |    52 ||    80
Dodge: Dodged            |    79 |   111 ||   190
Block: Buckler           |    10 |    31 ||    41

Table legend:
 A = Spawn XP
 B = Non-spawn XP
 C = Spawn XP percentage of total XP
 D = Spawn monster count
 E = Non-spawn monster count
 F = Spawn count percentage of total count
 G = Total turns spent on level
                    A         B        C        D         E        F      G
               +---------+---------+-------+---------+---------+-------+---------
         Total |       0 |     378 |   0.0 |       0 |      68 |   0.0 |  4107
               +---------+---------+-------+---------+---------+-------+---------
           D:1 |       0 |      46 |   0.0 |       0 |      19 |   0.0 |   857
           D:2 |       0 |     112 |   0.0 |       0 |      19 |   0.0 |  1340
           D:3 |       0 |     140 |   0.0 |       0 |      26 |   0.0 |  1569
           D:4 |       0 |      80 |   0.0 |       0 |       4 |   0.0 |   341
               +---------+---------+-------+---------+---------+-------+---------
